 Dungeon Crawl Stone Soup version 0.32-a0-814-g0968bab981 (webtiles) character file.

Game seed: 10787785576765219886

9123 Cheivey the Basher (level 11, -15/87 HPs)
             Began as a Demonspawn Fighter on Mar 22, 2024.
             Was an Initiate of Gozag.
             Demolished by a tengu conjurer
             ... wielding a +1 flail of distortion
              (17 damage)
             ... on level 8 of the Dungeon.
             The game lasted 00:20:36 (8091 turns).

Cheivey the Basher (Demonspawn Fighter)             Turns: 8091, Time: 00:20:36

Health: -15/87     AC: 27    Str: 26    XL:     11   Next: 18%
Magic:  11/11      EV:  6    Int: 13    God:    Gozag
Gold:   896        SH: 14    Dex: 12    Spells: 10/10 levels left

rFire   + . .        a - +2 flail (protect)
rCold   . . .        d - +0 tower shield
rNeg    + . .        e - +5 chain mail "Culuoh" {Rampage rPois rF+}
rPois   +            x - +2 hat {Int+3}
rElec   .            w - +0 cloak {Stlth+}
rCorr   .            o - +0 pair of gloves
SInv    .            (no boots)
Will    .....        (no amulet) Stlth
                     i - ring of positive energy
HPRegen 0.34/turn    p - +6 ring of strength
MPRegen 0.12/turn

%: rampage
@: silenced, gold aura, under a protective aura
A: antennae 2, claws 2, demonic guardian 2, demonic magic 2, weakness stinger 1,
screaming 1
a: Renounce Religion


You were on level 8 of the Dungeon.
You worshipped Gozag.
Gozag was pleased with you.
You visited 1 branch of the dungeon, and saw 8 of its levels.
You also visited: Bailey.

You collected 2044 gold pieces.
You spent 652 gold pieces at shops.
You paid 496 gold pieces to Gozag.

Inventory:

Hand Weapons
 a - a +2 flail of protection (weapon)
 q - a +1 whip of flaming
Missiles
 k - 16 poisoned darts (quivered)
Armour
 c - a +0 buckler
 d - a +0 tower shield (worn)
 e - the +5 chain mail "Culuoh" (worn) {Rampage rPois rF+}
   (You bought it in a shop on level 2 of the Dungeon)

   rF+:       It protects you from fire.
   rPois:     It protects you from poison.
   Rampage:   It bestows one free step when moving towards enemies.
 o - a +0 pair of gloves (worn)
 w - a +0 cloak of stealth (worn)
 x - a +2 hat of intelligence (worn)
Jewellery
 g - an amulet of the acrobat
 i - a ring of positive energy (left hand)
 j - a ring of wizardry
 p - a +6 ring of strength (right hand)
 u - a +6 ring of dexterity
Wands
 b - a wand of mindburst (20)
 n - a wand of warping (1)
 y - a wand of flame (8)
Scrolls
 f - 4 scrolls of identify
 l - a scroll of silence
 r - a scroll of immolation
Potions
 m - a potion of brilliance
 s - a potion of attraction
 t - 5 potions of enlightenment
 v - a potion of magic


   Skills:
 + Level 8.8 Fighting
 + Level 10.0 Maces & Flails
 + Level 7.9 Armour
 + Level 7.9 Shields


You had 10 spell levels left.
You didn't know any spells.
Your spell library was empty.

Dungeon Overview and Level Annotations

Branches:
Dungeon (8/15) Zot: 25708  Temple (0/1) D:5          Bailey (visited)
   Lair: D:8-11

Altars:
Ashenzari
Cheibriados
Dithmenos
Gozag
Hepliaklqana
Sif Muna
Wu Jian
Xom

Shops:
D:2 [   D:4 [   D:7 [

Annotations:
D:5 1 runed translucent door, Crazy Yiuf


Innate Abilities, Weirdness & Mutations

You have a pair of antennae on your head.
You have very sharp fingernails.
A demonic guardian rushes to your aid.
Spells you cast may paralyse nearby enemies.
You have a small tail.
You occasionally shout uncontrollably at your foes.


Message History

You hit the centaur warrior.
The centaur warrior is severely wounded.
You block the centaur warrior's attack. The centaur warrior closely misses you.
The centaur warrior hits you!
* * * LOW HITPOINT WARNING * * *
The centaur warrior kicks you.
* * * LOW HITPOINT WARNING * * *
You sock the centaur warrior! You tail-slap the centaur warrior.
The centaur warrior is almost dead.
The wyvern is distracted by your dazzling golden aura.
The centaur warrior hits you!
* * * LOW HITPOINT WARNING * * *
You block the centaur warrior's attack. The centaur warrior closely misses you.
You block the centaur warrior's attack.
You sock the centaur warrior!
You kill the centaur warrior!
Your hellwing swoops through the air toward the tengu warrior!
Your hellwing hits the tengu warrior but does no damage.
Your hellwing hits the tengu warrior.
Your Maces & Flails skill increases to level 10!
You closely miss the tengu conjurer. You tail-slap the tengu conjurer.
The tengu conjurer is lightly wounded.
The wyvern is no longer distracted by gold.
The wyvern is distracted by your dazzling golden aura.
You block the tengu conjurer's attack. The tengu conjurer barely misses you.
You block the tengu conjurer's attack.
Your hellwing hits the tengu warrior but does no damage. x2
You closely miss the tengu conjurer.
Your tail-slap misses the tengu conjurer.
The tengu conjurer is lightly wounded.
The tengu conjurer is distracted by your dazzling golden aura.
Your hellwing hits the tengu warrior but does no damage.
Your hellwing hits the tengu warrior. You miss the tengu conjurer.
The tengu conjurer is no longer distracted by gold.
The tengu conjurer is lightly wounded.
The tengu conjurer hits you but does no damage.
Space warps horribly around you!
You die...
Your body crumbles into a pile of gold.

#.##.#####.####
#..
#.##.##.##.##.#
###
#.......).....#
#.##.##.##.##.#
####.#####.##(#
#...# #...### #
##.## #####
##)##k##.##.#
...*4QQ@....#
##.##J##.##:# #
#.# # ... #
#### #.# ### '.
..###.# #)....#


You could see a tengu warrior (ally target), a tengu conjurer, a wyvern, a
jelly, a battlesphere (distracted) and a friendly hellwing (summoned).

Vanquished Creatures
  2 centaur warriors (D:8)
  A tengu warrior (D:8)
  Pikel (D:5)
  An ugly thing (D:8)
  Prince Ribbit (D:7)
  Sigmund (D:5)
  A shadow (D:8)
  2 wyverns
  7 yaks (D:6)
  A wraith (D:8)
  A steam dragon (D:7)
  2 water moccasins
  8 orc warriors
  An ice beast (D:8)
  2 sky beasts
  2 black bears
  2 ogres
  2 centaurs (D:7)
  A lemure (D:5)
  A phantom (D:6)
  A kobold brigand (D:8)
  3 bullfrogs
  2 scorpions (D:5)
  A wight (D:8)
  2 killer bees
  3 howler monkeys
  2 hounds
  2 jellies (D:7)
  2 bombardier beetles
  3 orc priests
  5 iguanas
  A gnoll bouda (D:6)
  A sleepcap (D:6)
  6 orc wizards
  5 adders
  10 gnolls
  4 white imps
  2 ufetubi (D:6)
  2 dart slugs
  3 ribbon worms
  25 orcs
  8 ball pythons
  2 bats (D:2)
  5 endoplasms
  5 giant cockroaches
  11 goblins
  11 hobgoblins
  15 kobolds
  5 quokkas
  2 frilled lizards (D:2)
  8 rats
197 creatures vanquished.

Vanquished Creatures (collateral kills)
  A hydra (D:8)
  An ugly thing (D:8)
  A water moccasin (D:7)
  A jelly (D:6)
  An orc (D:7)
5 creatures vanquished.

Grand Total: 202 creatures vanquished

Notes
Turn   | Place    | Note
-------+----------+-------------------------------------------
     0 | D:1      | Cheivey the Demonspawn Fighter began the quest for the Orb.
     0 | D:1      | Reached XP level 1. HP: 18/18 MP: 1/1
    69 | D:1      | Reached skill level 2 in Maces & Flails
   174 | D:1      | Discovered your monstrous ancestry.
   174 | D:1      | Gained mutation: You have a pair of small antennae on your
                  | head. [demonic ancestry]
   174 | D:1      | Reached XP level 2. HP: 24/24 MP: 2/2
   903 | D:2      | Gained mutation: A weak demonic guardian rushes to your
                  | aid. [demonic ancestry]
   903 | D:2      | Reached XP level 3. HP: 29/29 MP: 3/3
  1178 | D:2      | Found Qovej's Antique Armour Shoppe.
  1877 | D:3      | Found a shadowy altar of Dithmenos.
  2090 | D:3      | Reached skill level 3 in Maces & Flails
  2090 | D:3      | Gained mutation: A demonic guardian rushes to your aid.
                  | [demonic ancestry]
  2090 | D:3      | Reached XP level 4. HP: 32/35 MP: 4/4
  2394 | D:3      | Identified a scroll of acquirement
  2394 | D:3      | Acquired 806 gold pieces
  2448 | D:2      | Bought a pitted chain mail for 152 gold pieces
  2448 | D:2      | Identified the +5 chain mail "Culuoh" {Rampage rPois rF+}
                  | (You bought it in a shop on level 2 of the Dungeon)
  2448 | D:2      | Bought a jewelled chain mail for 152 gold pieces
  2448 | D:2      | Identified the +5 chain mail of Ruqeh {rC- Str+3 SInv} (You
                  | bought it in a shop on level 2 of the Dungeon)
  2539 | D:4      | Found an ornate altar of the Wu Jian Council.
  2743 | D:4      | Found Acveh's Armour Shop.
  2916 | D:4      | Gained mutation: You have sharp toenails. [potion of
                  | mutation]
  2947 | D:5      | Entered Level 5 of the Dungeon
  2970 | D:5      | Gained mutation: Spells you cast may paralyse adjacent
                  | enemies. [demonic ancestry]
  2970 | D:5      | Reached XP level 5. HP: 42/42 MP: 5/5
  2971 | D:5      | Noticed Sigmund
  2987 | D:5      | Killed Sigmund
  2988 | D:5      | Reached skill level 4 in Maces & Flails
  2988 | D:5      | Gained mutation: You have a pair of antennae on your head.
                  | [demonic ancestry]
  2988 | D:5      | Reached XP level 6. HP: 41/48 MP: 6/6
  3045 | D:5      | Identified the +1 ring mail of Nudai {Int+5 Stlth+}
  3109 | D:5      | Found an opulent altar of Gozag.
  3113 | D:5      | Found a broken altar of Ashenzari.
  3206 | D:5      | Gained mutation: You have sharp fingernails. [demonic
                  | ancestry]
  3206 | D:5      | Reached XP level 7. HP: 55/55 MP: 7/7
  3220 | D:5      | Noticed Pikel
  3237 | D:5      | Killed Pikel
  3238 | D:5      | Reached skill level 5 in Fighting
  3238 | D:5      | Reached skill level 5 in Maces & Flails
  3297 | D:5      | Reached XP level 8. HP: 54/62 MP: 8/8
  3527 | D:5      | Found a runed translucent door.
  3528 | D:5      | Noticed Crazy Yiuf
  3643 | D:5      | Found a staircase to the Ecumenical Temple.
  3744 | D:5      | Reached skill level 6 in Maces & Flails
  4219 | D:5      | Found a hazy altar of Hepliaklqana.
  4221 | D:5      | Found a snail-covered altar of Cheibriados.
  4308 | D:6      | Reached skill level 5 in Armour
  4308 | D:6      | Reached skill level 5 in Shields
  4575 | D:6      | Reached skill level 7 in Maces & Flails
  4578 | D:6      | Gained mutation: Spells you cast may paralyse nearby
                  | enemies. [demonic ancestry]
  4578 | D:6      | Reached XP level 9. HP: 47/69 MP: 9/9
  4760 | D:6      | Lost mutation: You have sharp toenails. [potion of
                  | mutation]
  4760 | D:6      | Gained mutation: Your mind is acute. (Int +4, Str/Dex -1)
                  | [potion of mutation]
  4760 | D:6      | Gained mutation: You have a somewhat thin skeletal
                  | structure. (Dex +2, Stealth+) [potion of mutation]
  4761 | D:6      | Lost mutation: You have a somewhat thin skeletal structure.
                  | (Dex +2, Stealth+) [potion of mutation]
  4761 | D:6      | Lost mutation: Your mind is acute. (Int +4, Str/Dex -1)
                  | [potion of mutation]
  4761 | D:6      | Gained mutation: You occasionally shout uncontrollably at
                  | your foes. [potion of mutation]
  5161 | D:5      | Became a worshipper of Gozag Ym Sagoz the Greedy
  5404 | D:7      | Reached skill level 8 in Maces & Flails
  5862 | D:7      | Noticed Prince Ribbit
  5890 | D:7      | Killed Prince Ribbit
  5899 | D:7      | Gained mutation: You have very sharp fingernails. [demonic
                  | ancestry]
  5899 | D:7      | Reached XP level 10. HP: 17/79 MP: 10/10
  5929 | D:7      | Found a flagged portal.
  5942 | Bailey   | Entered a bailey
  6206 | Bailey   | Reached skill level 9 in Maces & Flails
  6689 | D:7      | Found Cyeg's Antique Armour Boutique.
  6692 | D:7      | Bought an embroidered cloak for 180 gold pieces
  6692 | D:7      | Bought an embroidered hat for 168 gold pieces
  6910 | D:8      | Noticed a tengu warrior
  6913 | D:8      | Noticed a green ugly thing
  6916 | D:8      | Noticed a centaur warrior
  7183 | D:8      | Found a shimmering blue altar of Sif Muna.
  7186 | D:8      | Found a shimmering altar of Xom.
  7390 | D:8      | Killed a green ugly thing
  7474 | D:8      | Killed a centaur warrior
  7607 | D:8      | Noticed a red ugly thing
  7801 | D:8      | Killed a red ugly thing
  7871 | D:8      | Killed a tengu warrior
  7872 | D:8      | Gained mutation: You have a small tail. [demonic ancestry]
  7872 | D:8      | Reached XP level 11. HP: 65/87 MP: 11/11
  8061 | D:8      | Noticed a six-headed hydra
  8062 | D:8      | Noticed a centaur warrior
  8065 | D:8      | Noticed a tengu warrior
  8082 | D:8      | Killed a six-headed hydra
  8087 | D:8      | HP: 1/87 [centaur warrior (9)]
  8088 | D:8      | Killed a centaur warrior
  8089 | D:8      | Reached skill level 10 in Maces & Flails
  8091 | D:8      | Demolished by a tengu conjurer

Illustrated notes

Levels and vault maps discovered:
D:1:      nicolae_arrival_memento_mori, layout_loops_ring
D:2:      layout_basic, serial_shops, shop, grunt_decor_cap, minivault_23,
          chequers_jeans, minmay_tiny_reverse_x
D:3:      layout_basic, mainiacjoe_overflow_alcove_2
D:4:      layout_cave_pools, lemuel_round_altar, serial_shops,
          nicolae_shop_statue_plus
D:5:      layout_cave_pods, nicolae_overflow_hidden_temple,
          minmay_temple_entry_proselytizer, uniq_crazy_yiuf_cottage,
          uniq_sigmund, uniq_pikel
D:6:      layout_gridville, st_stairs_4
D:7:      cheibrodos_helix_gallery, layout_rooms, enter_bailey_3, serial_shops,
          nicolae_shop_real_fake_doors, minmay_fractal_squares_gapless_5,
          uniq_prince_ribbit1
D:8:      hangedman_cross_veins, layout_basic, jmf_multi_god_temple2,
          serial_shops, shop, minmay_starry_boxes

Skill      XL: |  1  2  3  4  5  6  7  8  9 10 11 |
---------------+----------------------------------+-----
Maces & Flails | 2 3 4 5 7 8 9 10 | 10.0
Armour         | 3 4 5 6 7 |  7.9
Shields        | 3 4 5 6 7 |  7.9
Fighting       | 4 5 6 7 8 |  8.8

Action                     |  1- 3 |  4- 6 |  7- 9 | 10-12 || total
---------------------------+-------+-------+-------+-------++-------
  Melee: Flail             |   135 |    67 |   267 |   304 ||   773
         Kick              |       |     9 |    38 |       ||    47
         Tailslap          |       |       |       |     9 ||     9
  Throw: Dart              |       |       |       |     1 ||     1
 Invoke: Potion Petition   |       |       |       |     1 ||     1
  Evoke: Wand              |       |       |       |     6 ||     6
    Use: Scroll            |       |     6 |     4 |     8 ||    18
         Potion            |       |     4 |     4 |     3 ||    11
   Stab: Distracted        |       |       |     1 |     3 ||     4
 Armour: Scale mail        |   132 |     4 |       |       ||   136
         Chain mail        |       |    26 |   333 |   248 ||   607
         Skin              |       |       |       |    32 ||    32
  Dodge: Dodged            |    56 |    25 |   130 |    67 ||   278
  Block: Buckler           |    37 |    13 |    81 |    28 ||   159
         Tower shield      |       |       |       |   228 ||   228

Table legend: (Time is in decaauts)
 A = Elapsed time spent in this place.
 B = Non-inter-level travel time spent in this place.
 C = Inter-level travel time spent in this place.
 D = Time resting spent in this place.
 E = Time spent auto-exploring this place.
 F = Levels seen in this place.
 G = Mean time per level.
                   A        B        C        D        E       F      G
               +--------+--------+--------+--------+--------+-----+--------+
         Total |   8206 |   7675 |    531 |    595 |   4994 |   9 |  911.8 |
       Dungeon |   7695 |   7164 |    531 |    411 |   4856 |   8 |  961.9 |
        Bailey |    511 |    511 |      0 |    184 |    138 |   1 |  511.0 |
               +--------+--------+--------+--------+--------+-----+--------+

Top non-repeatable levels by time:
     D:8: 1224 daAuts
     D:5: 1182 daAuts
     D:6: 1057 daAuts
     D:7: 1045 daAuts
     D:2: 942 daAuts
     D:3: 846 daAuts
     D:1: 802 daAuts
     D:4: 594 daAuts
  Bailey: 511 daAuts
